 Dungeon Crawl Stone Soup version 0.28-a0-1506-g3893175d92 (webtiles) character file.

Game seed: 14286078408813941358

40 goransb5 the Covered (level 3, 0/33 HPs)
             Began as a Minotaur Fighter on Jan 14, 2022.
             Succumbed to a kobold's poison
             ... on level 2 of the Dungeon.
             The game lasted 00:05:57 (1725 turns).

goransb5 the Covered (Minotaur Fighter)             Turns: 1725, Time: 00:05:58

Health: 0/33       AC:  7    Str: 20    XL:     3   Next: 30%
Magic:  2/2        EV:  9    Int:  5    God:
Gold:   49         SH:  4    Dex: 11    Spells: 2/2 levels left

rFire   . . .      SeeInvis .   a - +0 long sword
rCold   . . .      Faith    .   c - +0 buckler
rNeg    . . .      Spirit   .   b - +0 scale mail
rPois   .          Reflect  .   (helmet restricted)
rElec   .          Harm     .   (no cloak)
rCorr   .          Rampage  .   (no gloves)
Will    .....                   (no boots)
Stlth   ..........              (no amulet)
HPRegen 0.11/turn               (no ring)
MPRegen 0.08/turn               (no ring)

@: lethally poisoned (0 -> -12)
A: horns 2, retaliatory headbutt
a: no special abilities


You were on level 2 of the Dungeon.
You visited 1 branch of the dungeon, and saw 2 of its levels.

You collected 49 gold pieces.

Inventory:

Hand Weapons
 a - a +0 long sword (weapon)
Armour
 b - a +0 scale mail (worn)
 c - a +0 buckler (worn)
Scrolls
 e - a scroll of summoning {unknown}
 g - a scroll of fog {unknown}
 k - a scroll of amnesia {unknown}
Potions
 d - a potion of might
 f - a potion of degeneration {unknown}
 h - 2 potions of magic {unknown}
 i - a potion of mutation {unknown}
 j - a potion of flight {unknown}


   Skills:
 + Level 4.1 Fighting
 + Level 2.8 Long Blades
 + Level 4.2 Armour
 + Level 4.1 Shields


You had 2 spell levels left.
You didn't know any spells.
Your spell library contained the following spells:

 Spells                   Type           Power      Damage    Failure   Level
 Sting                    Tmut/Pois      0%         1d3       88%         1
 Poisonous Vapours        Pois/Air       0%         N/A       96%         2
 Olgreb's Toxic Radiance  Pois           0%         N/A       100%        4


Dungeon Overview and Level Annotations

Branches:
Dungeon (2/15)

Altars:


Innate Abilities, Weirdness & Mutations

You have a pair of horns on your head.
You reflexively headbutt those who attack you in melee.


Message History

HP restored.
Things that are here:
a +2 dagger of venom; a goblin corpse An endoplasm comes into view.
The endoplasm quivers.
The endoplasm moves out of view.
The endoplasm freezes you.
You are frozen.
You slash the endoplasm!
You kill the endoplasm!
You open the door.
There is an open door here.
Found a scroll labelled LEXYOM VIOTUAM.
k - a scroll labelled LEXYOM VIOTUAM A kobold comes into view.
It is wielding a +2 short sword of venom.
The kobold throws a stone.
The stone completely misses you. The kobold hits you but does no damage.
You are poisoned.
You closely miss the kobold.
You feel sick. The kobold hits you but does no damage.
You are more poisoned.
The kobold hits you but does no damage.
You are lethally poisoned!
You barely miss the kobold. You headbutt the kobold.
The kobold is severely wounded.
You feel extremely sick.
The kobold hits you with a +2 short sword of venom.
You are more poisoned.
You hit the kobold but do no damage. You headbutt the kobold.
You kill the kobold!
You feel extremely sick.
* * * LOW HITPOINT WARNING * * *
You feel very sick.
Things that are here:
a +2 short sword of venom; a stone; a kobold corpse
* * * LOW HITPOINT WARNING * * *
You feel very sick.
* * * LOW HITPOINT WARNING * * *
You feel very sick.
You die...

..# ..# . #.. .#
#.# # ..# #.#.#..
#######.#..
.........#
#######)# #..#
###....@..# #..#
#.........+ #..#
#.#.......# #..#
#.#.......# #..#
#.#.......# #..#
#.#.......# #..#
#.#.......#
#..######'#########
#).............#


There were no monsters in sight!

Vanquished Creatures
  A dart slug (D:1)
  4 bats
  3 endoplasms
  A giant cockroach (D:1)
  7 goblins
  4 hobgoblins
  5 kobolds
  A quokka (D:2)
  3 ball pythons
  2 frilled lizards
  3 rats (D:1)
34 creatures vanquished.

Notes
Turn   | Place    | Note
-------+----------+-------------------------------------------
     0 | D:1      | goransb5 the Minotaur Fighter began the quest for the Orb.
     0 | D:1      | Reached XP level 1. HP: 19/19 MP: 0/0
   180 | D:1      | Reached XP level 2. HP: 27/27 MP: 1/1
  1199 | D:2      | Reached XP level 3. HP: 33/33 MP: 2/2
  1725 | D:2      | Succumbed to a kobold's poison

Illustrated notes

Levels and vault maps discovered:
D:1:      erik_arrival_blinker_ship, layout_basic, due_unseen_surprise
D:2:      layout_basic, minmay_pentomino_p2

Skill      XL: |  1  2 |
---------------+-------+-----
Fighting       | 4 |  4.1
Armour         | 4 |  4.2
Shields        | 4 |  4.1
Long Blades    | |  2.8

Action                   || total
-------------------------++-------
Melee: Long sword        ||    84
       Headbutt          ||    10
Armor: Scale mail        ||    34
Dodge: Dodged            ||    33
Block: Buckler           ||    14

Table legend: (Time is in decaauts)
 A = Elapsed time spent in this place.
 B = Non-inter-level travel time spent in this place.
 C = Inter-level travel time spent in this place.
 D = Time resting spent in this place.
 E = Time spent auto-exploring this place.
 F = Levels seen in this place.
 G = Mean time per level.
                   A        B        C        D        E       F      G
               +--------+--------+--------+--------+--------+-----+--------+
         Total |   1752 |   1752 |      0 |    241 |    467 |   2 |  876.0 |
       Dungeon |   1752 |   1752 |      0 |    241 |    467 |   2 |  876.0 |
               +--------+--------+--------+--------+--------+-----+--------+

Top non-repeatable levels by time:
     D:1: 1171 daAuts
     D:2: 580 daAuts
